 Dungeon Crawl Stone Soup version 0.19-a0-1697-g0595f0e (webtiles) character file.

1038033 4thArraOfDagon the Malleable (level 27, -6/299 HPs)
             Began as a Troll Wanderer on Sept 26, 2016.
             Was a High Priest of Okawaru.
             Mangled by an Ice Fiend (9 damage)
             ... on level 7 of Cocytus.
             The game lasted 03:06:31 (27285 turns).

4thArraOfDagon the Malleable (Troll Wanderer)      Turns: 27285, Time: 03:06:31

Health: -6/299     AC: 34    Str: 25    XL:     27
Magic:  25/30      EV: 24    Int: 27    God:    Okawaru [*****.]
Gold:   2329       SH: 12    Dex: 12    Spells: 7 memorised, 24 levels left

rFire  + . .     SeeInvis +       - Unarmed
rCold  + + .     Gourm    +     (armour currently unavailable)
rNeg   + + .     Faith    .     Y - +2 shield of Resistance {rF+ rC+ MR+}
rPois  ∞         Spirit   .     W - +2 hat {SInv}
rElec  +         Dismiss  .     N - +0 cloak of Coremyd {*Drain rF- Regen+ Int+7}
rCorr  .         Reflect  .     (gloves unavailable)
MR     ++++.     Harm     .     (boots unavailable)
Stlth  +......... Rnd*Tele +    U - amulet of the Ban {*Drain +Rage Int+5 Dex+4}
                                e - ring of Shaolin {EV+8}
                                D - ring of positive energy

@: statue-form, finesse, regenerating, studying Shields, very slow
A: unfitting armour, antennae 1, claws 3, repulsion field 1, blurry vision 2,
clumsy 1, cold resistance 1, deterioration 2, dopey 1, fire resistance 1, fast
metabolism 3, frail 1, gourmand, low mp 2, magic resistance 1, regeneration 2,
(shaggy fur 0), teleportitis 1, (tough skin 0), weak 1
a: End Transformation, Heroism, Finesse, Renounce Religion, Evoke Berserk Rage
}: 14/15 runes: barnacled, slimy, silver, golden, iron, obsidian, bone, abyssal,
demonic, glowing, magical, fiery, dark, gossamer


You were on level 7 of Cocytus.
You worshipped Okawaru.
Okawaru was extremely pleased with you.
You were full.
You were a stone statue.
You visited 17 branches of the dungeon, and saw 85 of its levels.
You visited Pandemonium 2 times, and saw 17 of its levels.
You visited the Abyss 1 time.
You also visited: Ossuary and Volcano.

You collected 4036 gold pieces.
You spent 1707 gold pieces at shops.

Inventory:

Hand Weapons
 m - the +9 staff of Wucad Mu {channel}
   (You took it off a deep elf high priest on level 3 of the Elven Halls)
Missiles
 l - 2 throwing nets
 Q - 39 large rocks (quivered)
Armour
 q - the +0 cloak of Recklessness {*Contam rPois rF+ rC+, unknown}
   (Okawaru gifted it to you on level 1 of Tartarus)

   It protects you from fire.
   It protects you from cold.
   It protects you from poison.
   It causes magical contamination when unequipped.
 N - the +0 cloak of Coremyd (worn) {*Drain rF- Regen+ Int+7}
   (Okawaru gifted it to you on level 4 of the Depths)

   It affects your intelligence (+7).
   It makes you vulnerable to fire.
   It increases your rate of regeneration.
   It causes draining when unequipped.
 W - a +2 hat of see invisible (worn)
 Y - the +2 shield of Resistance (worn) {rF+ rC+ MR+}
   (Okawaru gifted it to you on level 3 of the Elven Halls)

   It protects you from fire.
   It protects you from cold.
   It affects your resistance to hostile enchantments.
 Z - the +4 moon troll leather armour (melded) {Spirit, Regen++ MP+5}
   (You took it off a deep elf mage on level 3 of the Elven Halls)

   It affects your magic capacity (+5).
   It increases your rate of regeneration.
Magical Staves
 t - an uncursed staff of wizardry {!a}
Jewellery
 e - the ring of Shaolin (right claw) {EV+8}
   (You took it off a deep elf mage on level 3 of the Elven Halls)

   [ring of evasion]

   It affects your evasion (+8).
 g - the ring "Goypneg" {rF+ Stlth+}
   (You acquired it on level 2 of the Tomb of the Ancients)

   [ring of stealth]

   It protects you from fire.
   It makes you more stealthy.
 h - an uncursed ring of protection from fire
 n - the amulet of the Four Winds {rN+ MR+++ Clar}
   (You found it on level 3 of the Tomb of the Ancients)

   [amulet of nothing]

   It protects you from negative energy.
   It affects your resistance to hostile enchantments.
   It protects you against confusion.
 p - the amulet "Kebbeq" {Harm *Drain rElec Dex+4}
   (You found it on level 5 of the Vaults)

   [amulet of harm]

   It increases damage dealt and taken.
   It affects your dexterity (+4).
   It insulates you from electricity.
   It causes draining when unequipped.
 s - the ring "Wim Kiblo" {rF+ Slay+3 Stlth+, unknown}
   (You found it on level 7 of Tartarus)

   [ring of protection from fire]

   It affects your accuracy and damage with ranged weapons and melee attacks
   (+3).
   It protects you from fire.
   It makes you more stealthy.
 u - the ring "Mampuile" {*Contam +Fly Int+2 Stlth+}
   (You acquired it on level 5 of the Pits of Slime)

   [ring of flight]

   It affects your intelligence (+2).
   It lets you fly.
   It causes magical contamination when unequipped.
   It makes you more stealthy.
 y - an uncursed ring of positive energy
 B - the ring of Mysticism {*Corrode rPois rF+ rC++ SInv, unknown}
   (You found it on level 7 of Tartarus)

   [ring of see invisible]

   It protects you from fire.
   It greatly protects you from cold.
   It protects you from poison.
   It lets you see invisible.
   It may corrode you when you take damage.
 D - a ring of positive energy (left claw)
 F - an uncursed ring of protection from cold
 J - the ring "Fumetsib" {Ice Str+2 Int+3 SInv}
   (You found it on level 5 of the Vaults)

   [ring of ice]

   It enhances your ice magic.
   It affects your strength (+2).
   It affects your intelligence (+3).
   It makes you vulnerable to fire.
   It protects you from cold.
   It lets you see invisible.
 M - the ring "Xeafoqisalu" {rC+ Stlth+}
   (You found it on level 5 of the Pits of Slime)

   [ring of protection from cold]

   It protects you from cold.
   It makes you more stealthy.
 U - the amulet of the Ban (around neck) {*Drain +Rage Int+5 Dex+4}
   (You took it off a yaktaur on level 5 of the Vaults)

   [amulet of rage]

   It affects your intelligence (+5).
   It affects your dexterity (+4).
   It lets you go berserk.
   It causes draining when unequipped.
Wands
 j - a wand of digging (10/24)
 x - a wand of heal wounds (4/9)
 I - a wand of teleportation (4/9)
 X - a wand of teleportation (1/9)
Scrolls
 b - 2 scrolls of blinking
 r - 15 scrolls of remove curse
 G - 3 scrolls of fog
 S - a scroll of magic mapping
Potions
 a - 9 potions of brilliance
 d - 2 potions of ambrosia
 o - 8 potions of might
 v - 3 potions of flight
 w - 2 potions of magic
 z - 4 potions of haste
 A - 17 potions of curing
 E - 5 potions of berserk rage
 H - 2 potions of cancellation
 O - 3 potions of agility
 R - a potion of heal wounds
Books
 k - a manual of Shields
 C - a manual of Shields
Miscellaneous
 c - a fan of gales
 K - a figurine of a ziggurat
 L - a lamp of fire
 P - a phantom mirror
 T - 3 boxes of beasts
 V - a phial of floods
Comestibles
 f - 19 bread rations
 i - 12 meat rations


   Skills:
 - Level 12.1 Fighting
   Level 1.0 Bows
 - Level 1.0 Throwing
 - Level 7.4 Armour
 - Level 11.4 Dodging
 - Level 1.0 Stealth
 - Level 5.0 Shields
 - Level 20.2 Unarmed Combat
 - Level 12.3 Spellcasting
 - Level 3.6 Charms
 - Level 4.8 Necromancy
 - Level 18.3 Translocations
 * Level 22.2 Transmutations
 - Level 13.1 Earth Magic
 - Level 13.5 Invocations


You had 24 spell levels left.
You knew the following spells:

 Your Spells              Type           Power        Failure   Level  Hunger
a - Apportation           Tloc           #######...   0%          1    None
b - Blink                 Tloc           N/A          0%          2    None
c - Statue Form           Tmut/Erth      #######..    1%          6    #####..
d - Controlled Blink      Tloc           N/A          34%         8    #######
e - Passage of Golubria   Tloc           N/A          1%          4    None
f - Regeneration          Chrm/Necr      #####.....   6%          3    None
g - Repel Missiles        Chrm/Air       ####..       8%          2    None


Dungeon Overview and Level Annotations

Branches:
Dungeon (15/15)            Temple (1/1) D:5            Lair (6/6) D:8
 Shoals (4/4) Lair:4       Spider (4/4) Lair:4        Slime (5/5) Lair:6
    Orc (2/2) D:10            Elf (3/3) Orc:2        Vaults (5/5) D:14
  Crypt (3/3) Vaults:3       Tomb (3/3) Crypt:3      Depths (5/5) D:15
   Hell (1/1)                 Dis (7/7) Hell            Geh (7/7) Hell
    Coc (7/7) Hell            Tar (7/7) Hell
    Zot: Depths:5

Altars:
Ashenzari
Dithmenos
Okawaru
Sif Muna
Trog
Uskayaw
Xom
Beogh

Shops:
D:5 %*   D:6 *?   Orc:2 (([   Shoals:3 *   Depths:3 %*!(

Portals:
Hell: Depths:2
Pandemonium: Depths:3

Annotations:
D:4 DEFE's ghost, amateur DEFi
D:6 tstbtto's ghost, novice FoFi
D:7 1 exclusion, Menkaure
D:15 Sonja
Tomb:2 Khufu


Innate Abilities, Weirdness & Mutations

You are too large for most types of armour.
You have claws for hands.
Your metabolism is lightning-fast.
You like to eat raw meat.
You heal very quickly.
((You are covered in thick fur. (AC +2)))
((You have very tough skin. (AC +2)))
You have a pair of small antennae on your head.
You are surrounded by a mild repulsion field. (EV +2)
Scrolls take you longer to read.
You are clumsy. (Dex -2)
Your flesh is cold resistant. (rC+)
Your body often deteriorates upon taking damage.
You are dopey. (Int -2)
Your flesh is heat resistant. (rF+)
You are frail. (-10% HP)
Your magical capacity is very low. (-20% MP)
You are resistant to hostile enchantments. (MR+)
You are occasionally teleported next to monsters.
You are weak. (Str -2)


Message History

The Ice Fiend calls on the powers of darkness!
Your body is wracked with pain!
* * * LOW HITPOINT WARNING * * *
Unknown command.
Unknown command.
Unknown command.
Unknown command.
You feel much better.
The Ice Fiend claws you but does no damage.
You block the Ice Fiend's attack.
The shadow dragon skeleton completely misses you. x2
You block the shadow dragon skeleton's attack.
The Ice Fiend claws you!
* * * LOW HITPOINT WARNING * * *
The Ice Fiend freezes you! You resist.
* * * LOW HITPOINT WARNING * * *
The Ice Fiend claws you!
* * * LOW HITPOINT WARNING * * *
The Ice Fiend freezes you! You resist.
You die...

≈≈≈≈≈≈≈≈≈≈≈≈≈≈≈
≈≈≈≈≈≈≈≈≈≈≈≈≈≈≈≈...
≈≈≈≈≈≈≈≈≈≈≈≈≈≈≈≈≈.≈
≈≈≈≈≈≈≈≈≈≈≈≈≈≈≈≈≈≈≈
..1.....≈≈≈≈≈≈≈≈≈≈
........≈≈≈≈≈≈≈≈
###'###...5≈≈≈≈≈≈
##..)18##...≈≈≈≈≈≈
...#..≈W1.Z#...E≈≈≈≈≈
...'.∩≈∩.∩Z'...≈≈≈≈≈≈
...#...≈≈..#...≈≈≈≈≈≈
. ##.....##...≈≈≈≈≈≈
###†###...≈≈≈≈≈≈≈
.... ...≈≈≈≈≈≈≈≈
...... ..≈≈≈≈≈≈≈≈≈
≈≈≈≈≈≈≈≈≈≈≈≈≈≈≈.≈≈≈≈


You could see 3 Ice Fiends, a freezing wraith, a shadow dragon skeleton and a
titan skeleton.

Vanquished Creatures
  Cerebov (Pan)
  Asmodeus (Geh:7)
  the Royal Jelly (Slime:5)
  Gloorx Vloq (Pan)
  Ereshkigal (Tar:7)
  A seraph (Pan)
  Lom Lobon (Pan)
  Mnoleg (Pan)
  the Serpent of Hell (Tar:7)
  Dispater (Dis:7)
  Mara (Tomb:2)
  Mennas (Pan)
  The ghost of Multipenetrator the Axe Maniac, a legendary FoFi of the Shining One (Coc:7)
  2 juggernauts
  4 ancient liches
  11 greater mummies
  Bai Suzhen (Shoals:3)
  A shard shrike (Coc:7)
  Margery (Depths:2)
  A caustic shrike (Depths:2)
  Geryon (Hell)
  3 golden dragons
  Jory (Tomb:3)
  8 bone dragons
  4 doom hounds
  4 pandemonium lords (Pan)
  14 Tzitzimimeh
  11 Brimstone Fiends
  The ghost of ReniFell the Warrior, an adept GrFi of Okawaru (Elf:3)
  5 iron giants
  14 Ice Fiends
  8 tentacled monstrosities
  6 Hell Sentinels
  9 titans (Vaults:5)
  2 quicksilver dragons (Dis:7)
  17 acid blobs
  The ghost of IKeelU2 the Devastator, an adept DECj of Vehumet (Vaults:1)
  5 liches
  2 deep elf blademasters (Elf:3)
  2 deep elf master archers (Elf:3)
  2 eldritch tentacles
  Polyphemus (Shoals:2)
  The ghost of beholder the Thaumaturge, an adept DrWz of Sif Muna (Shoals:4)
  13 sphinxes
  8 ancient champions
  16 Executioners (Pan)
  Roxanne (Shoals:3)
  2 storm dragons
  8 tengu reavers
  7 shadow dragons
  Donald (Shoals:3)
  Ilsuiw (Shoals:4)
  4 blood saints (Pan)
  11 azure jellies
  6 fire giants
  2 revenants
  4 deep elf sorcerers (Elf:3)
  7 frost giants
  A chaos champion (Pan)
  4 ghost moths (Spider:4)
  13 iron dragons
  2 orc warlords (Orc:2)
  23 balrugs
  2 emperor scorpions (Spider:4)
  2 curse skulls
  2 angels (Pan)
  4 ghouls
  8 vault wardens
  16 cacodemons
  11 ironheart preservers
  4 deep elf elementalists (Elf:3)
  4 warmongers (Pan)
  A spriggan defender (Depths:2)
  3 ophanim (Pan)
  2 elemental wellsprings
  A draconian annihilator (Pan)
  27 reapers
  7 stone giants
  13 war gargoyles
  13 very ugly things
  7 deep elf demonologists
  6 bennus (Tomb:2)
  6 vampire knights
  3 lorocyprocas
  Nessos (Lair:6)
  A corrupter (Pan)
  12 deep elf annihilators
  4 black suns (Pan)
  4 deep elf death magi
  10 spark wasps
  5 merfolk javelineers
  11 merfolk impalers
  11 ettins
  3 eidola
  5 death oozes
  17 mummy priests
  8 blizzard demons
  4 jiangshi
  5 fire dragons
  7 green deaths
  8 yaktaur captains
  7 great orbs of eyes
  A rakshasa (Depths:2)
  5 deep elf high priests (Elf:3)
  8 ogre magi
  2 quicksilver dragon skeletons
  Harold (Lair:3)
  3 hell beasts (Pan)
  A spriggan air mage (Depths:2)
  2 hydras
  A catoblepas (Shoals:2)
  A ghost crab (Tar:7)
  An alligator snapping turtle (Shoals:4)
  14 ice dragons
  7 centaur warriors
  30 vault guards
  A merfolk avatar (Shoals:3)
  An anaconda (shapeshifter) (Vaults:5)
  A catoblepas (shapeshifter) (Depths:2)
  6 death yaks
  3 tengu warriors
  9 monstrous demonspawn (Pan)
  9 merfolk aquamancers (Shoals:4)
  6 deep troll earth magi
  7 dancing weapons
  61 death scarabs
  6 hell hogs (Hell)
  A hell hog (shapeshifter) (Depths:2)
  4 deep troll shamans
  6 spriggan berserkers
  3 titan zombies
  3 vampire magi
  An orc high priest (Orc:2)
  3 thrashing horrors (Abyss:3)
  29 sun demons
  16 hell knights
  33 soul eaters
  Urug (D:11)
  7 iron golems
  7 deep elf knights
  4 storm dragon zombies
  8 anaconda zombies
  A wretched star (Abyss:2)
  60 skeletal warriors
  6 flayed ghosts
  6 shadow wraiths
  11 deep trolls
  20 sixfirhies
  2 storm dragon skeletons
  10 iron trolls
  17 shadow demons
  3 titan skeletons
  6 spatial maelstroms (Abyss:3)
  2 golden dragon zombies
  4 unseen horrors
  4 wizards (Pan)
  16 deep elf archers
  2 glowing orange brains
  11 gelid demonspawn (Pan)
  6 torturous demonspawn (Pan)
  5 sea snakes
  2 cherubim (Pan)
  3 infernal demonspawn (Pan)
  2 lindwurms (shapeshifter)
  6 phantasmal warriors
  7 putrid demonspawn (Pan)
  9 orc knights
  6 ironbrand convokers
  2 shadow dragon zombies
  4 hill giants
  15 wolf spiders
  2 harpies (shapeshifter)
  4 anaconda skeletons
  3 harpies (Vaults:2)
  4 orb spiders (Spider:4)
  An orb spider (shapeshifter) (D:14)
  3 orc sorcerers
  25 ugly things
  3 wolf spider zombies
  37 deep elf magi
  A lindwurm (Lair:5)
  4 frost giant zombies
  A mana viper (shapeshifter) (Vaults:3)
  7 shining eyes
  3 fire giant zombies
  5 hornets
  An iron dragon zombie (Tar:7)
  A faun (shapeshifter) (Vaults:5)
  4 fauns
  4 necromancers
  11 oklob plants
  6 cyclopes
  A salamander (shapeshifter) (D:14)
  3 stone giant zombies
  A shadow dragon skeleton (Pan)
  A dire elephant zombie (Coc:6)
  8 manticores
  A worldbinder (Abyss:3)
  9 vault sentinels
  5 black mambas
  4 sirens
  Maurice (D:11)
  2 frost giant skeletons
  4 fire giant skeletons
  6 molten gargoyles
  3 iron dragon skeletons
  A shock serpent zombie (Geh:6)
  3 water nymphs
  2 stone giant skeletons
  An ice statue (Hell)
  16 rust devils
  4 eyes of devastation
  2 spiny frogs
  Psyche (D:11)
  A gargoyle (D:11)
  A shock serpent skeleton (Crypt:2)
  10 smoke demons
  4 elephants (Lair:6)
  A torpor snail (Lair:6)
  15 orange demons (Pan)
  4 spectral swamp worms (Tar:7)
  28 hellions
  15 large abominations
  2 rime drakes
  5 komodo dragons
  A kobold demonologist (D:14)
  A yaktaur (shapeshifter) (Vaults:1)
  An emperor scorpion zombie (Dis:7)
  A spriggan zombie (D:15)
  7 ice devils
  28 yaktaurs
  3 demonic crawlers
  9 freezing wraiths
  A catoblepas zombie (Tar:1)
  An anaconda simulacrum (Tar:2)
  2 efreet
  6 hellwings (Pan)
  3 harpy zombies
  20 tormentors
  9 merfolk
  11 red devils
  2 tengu conjurers
  An ancient zyme (Abyss:2)
  A wolf spider simulacrum (D:15)
  3 meliai (D:14)
  33 guardian mummies
  15 jumping spiders
  A troll (Orc:1)
  A silent spectre (Tar:3)
  6 two-headed ogres
  A jumping spider (shapeshifter) (Vaults:1)
  4 hydra zombies
  66 slime creatures
  6 wind drakes
  A polar bear (shapeshifter) (Depths:2)
  3 hydra skeletons
  2 ettin zombies
  2 hippogriffs
  3 alligator zombies
  5 fire dragon zombies
  16 blink frogs
  3 harpy skeletons
  6 dream sheep
  4 snapping turtles (Shoals:4)
  A black mamba zombie (Dis:5)
  8 tarantellas
  42 flying skulls
  2 ice dragon skeletons (Geh:1)
  2 ice dragon zombies
  10 yaks
  14 shadows
  2 tarantellas (shapeshifter)
  2 air elementals (Elf:2)
  5 ushabtiu
  13 water elementals
  A fire dragon skeleton (Pan)
  20 redbacks
  2 spriggans (Depths:3)
  17 ynoxinuls (Pan)
  3 ettin skeletons
  4 fire bats
  12 wraiths
  3 wyverns
  2 yaks (shapeshifter)
  Grum (D:11)
  A hungry ghost (D:14)
  14 fire elementals
  An alligator skeleton (Hell)
  9 golden eyes
  A steam dragon (D:9)
  13 chaos spawn
  A vampire mosquito (D:10)
  10 neqoxecs (Pan)
  7 wargs
  A mottled dragon (D:15)
  A spatial vortex (Abyss:3)
  18 hell hounds
  3 spiny frog zombies
  8 water moccasins
  5 porcupines
  37 orc warriors
  4 sky beasts
  13 necrophages
  4 ice beasts
  A spiny frog skeleton (Hell)
  A fire dragon simulacrum (Coc:5)
  3 wasps
  2 black mamba simulacra (Coc:5)
  3 phantoms
  A black bear (D:8)
  6 snapping turtle zombies
  4 eyes of draining
  31 ogres
  A swamp dragon skeleton (Geh:1)
  3 wolves (D:11)
  7 centaurs
  A snapping turtle skeleton (Tar:3)
  A big kobold (D:9)
  4 crocodiles
  6 bullfrogs
  A gnoll sergeant (D:5)
  An elf skeleton (Tar:5)
  A wyvern skeleton (D:14)
  6 scorpions
  A tengu zombie (D:15)
  A troll zombie (Dis:7)
  A manticore simulacrum (Crypt:2)
  3 vampire bats (Lair:3)
  22 wights
  A raiju skeleton (Crypt:3)
  2 howler monkeys (D:12)
  A snapping turtle simulacrum (Crypt:2)
  5 lava snakes (Volcano)
  9 crimson imps
  3 centaur zombies
  A jelly (D:8)
  2 quasits
  21 orc priests
  4 hounds
  17 orc wizards
  3 centaur skeletons
  12 iron imps
  A hell rat (Dis:2)
  5 iguanas
  23 worker ants
  A killer bee zombie (D:7)
  A big kobold zombie (Ossuary)
  A deep dwarf zombie (Crypt:2)
  2 naga skeletons
  42 mummies
  A worker ant zombie (D:10)
  Robin (D:4)
  8 gnolls
  11 river rats
  7 adders
  3 shadow imps
  A swamp drake skeleton (Crypt:1)
  8 white imps
  An ufetubus (Depths:3)
  A lava snake zombie (Crypt:1)
  4 dart slugs
  4 leopard geckos
  91 orcs
  A ball python (D:2)
  3 giant cockroaches
  11 goblins
  8 hobgoblins
  8 jackals
  4 quokkas
  8 bats
  2 frilled lizards
  5 hobgoblin zombies
  A jackal skeleton (D:4)
  12 kobolds
  4 kobold zombies
  An orc zombie (Ossuary)
  5 rats
  A butterfly (Lair:3)
  3 plants
2504 creatures vanquished.

Vanquished Creatures (others)
  An Executioner (Tomb:2)
  An elemental wellspring (Coc:7)
  A blood saint (Pan)
  A centaur warrior (Vaults:4)
  8 death scarabs
  A merfolk aquamancer (Shoals:4)
  2 wizards (Pan)
  A stone giant zombie (Tomb:2)
  A red devil (Pan)
  2 anaconda simulacra (Tomb:2)
  A dream sheep (Shoals:4)
  10 flying skulls
  A ynoxinul (Pan)
  A wraith (Geh:5)
  A water elemental (Depths:2)
  A fire bat (Pan)
  2 necrophages
  A swamp dragon skeleton (Tomb:2)
  2 ogres
  A wight (Geh:5)
  2 iron imps (Dis:7)
  2 mummies (Tomb:2)
  A shadow imp (Depths:3)
  4 ball lightnings (Pan)
  A demonic plant (Pan)
  11 fungi
  13 plants
  A withered plant (D:15)
75 creatures vanquished.

Grand Total: 2579 creatures vanquished

Notes
Turn   | Place    | Note
-------+----------+-------------------------------------------
     0 | D:1      | 4thArraOfDagon the Troll Wanderer began the quest for the Orb.
     0 | D:1      | 4thArraOfDagon set off with: a +2 shortbow, 25 arrows, a +0 spear, a scroll of teleportation, a +0 robe, 2 bread rations
     0 | D:1      | Reached XP level 1. HP: 23/23 MP: 0/0
    27 | D:1      | Reached skill level 1 in Unarmed Combat
   150 | D:1      | Reached XP level 2. HP: 31/31 MP: 1/1
   351 | D:2      | Reached XP level 3. HP: 37/37 MP: 2/2
   519 | D:2      | Reached XP level 4. HP: 44/45 MP: 3/3
   886 | D:4      | Noticed DEFE's ghost (amateur DEFi)
   916 | D:5      | Entered Level 5 of the Dungeon
   931 | D:5      | Found Luguowuu's General Store.
   953 | D:5      | Reached XP level 5. HP: 38/53 MP: 4/4
   956 | D:5      | Reached skill level 5 in Unarmed Combat
  1014 | D:5      | Found a staircase to the Ecumenical Temple.
  1021 | Temple   | Entered the Ecumenical Temple
  1051 | Temple   | Became a worshipper of Warmaster Okawaru
  1107 | D:5      | Reached XP level 6. HP: 35/61 MP: 5/5
  1188 | D:5      | Found a sand-covered staircase.
  1198 | Ossuary  | Entered an ossuary
  1270 | Ossuary  | Reached * piety under Okawaru
  1270 | Ossuary  | Reached skill level 1 in Invocations
  1539 | D:4      | Noticed Robin
  1569 | D:4      | Killed Robin
  1602 | D:4      | Reached XP level 7. HP: 61/67 MP: 7/7
  1787 | D:5      | Found Pousiate's Food Boutique.
  1803 | D:5      | Learned a level 1 spell: Apportation
  1806 | D:5      | Learned a level 2 spell: Blink
  1880 | D:6      | Noticed tstbtto's ghost (novice FoFi)
  1881 | D:6      | Found Louteaf's Magic Scroll Emporium.
  1970 | D:6      | Gained mutation: You are agile. (Dex +2) [potion of mutation]
  1970 | D:6      | Gained mutation: You are very agile. (Dex +4) [potion of mutation]
  1970 | D:6      | Gained mutation: You expend magic power (3 MP) to strengthen your wands. [potion of mutation]
  1971 | D:6      | Lost mutation: You are very agile. (Dex +4) [potion of mutation]
  1971 | D:6      | Gained mutation: You tend to lose your temper in combat. [potion of mutation]
  1971 | D:6      | Gained mutation: You have a somewhat thin skeletal structure. (Dex +2, Stealth) [potion of mutation]
  1972 | D:6      | Gained mutation: You are weak. (Str -2) [potion of mutation]
  1972 | D:6      | Lost mutation: You tend to lose your temper in combat. [potion of mutation]
  2003 | D:6      | Found Mibliah's General Store.
  2010 | D:6      | Reached ** piety under Okawaru
  2018 | D:6      | Bought 2 potions of might for 96 gold pieces
  2088 | D:6      | Reached XP level 8. HP: 42/75 MP: 7/9
  2240 | D:7      | Got a transparent rapier
  2521 | D:7      | Gained mutation: Your body sometimes deteriorates upon taking damage. [mutagenic meat]
  2524 | D:7      | Gained mutation: You are resistant to hostile enchantments. (MR+) [mutagenic meat]
  2527 | D:7      | Gained mutation: You have a pair of small antennae on your head. [mutagenic meat]
  2530 | D:7      | Gained mutation: You are covered in thick fur. (AC +2) [mutagenic meat]
  2562 | D:7      | Found a shattered altar of Ashenzari.
  2564 | D:7      | Noticed Menkaure
  2612 | D:8      | Reached *** piety under Okawaru
  2626 | D:8      | Reached skill level 10 in Unarmed Combat
  2668 | D:7      | Reached XP level 9. HP: 29/83 MP: 9/11
  2717 | D:8      | Reached skill level 5 in Invocations
  2853 | D:8      | Gained mutation: Armour fits poorly on your strangely shaped body. [mutagenic meat]
  2856 | D:8      | Lost mutation: You are agile. (Dex +2) [mutagenic meat]
  2862 | D:8      | Gained mutation: You are surrounded by a mild repulsion field. (EV +2) [mutagenic meat]
  2870 | D:8      | Gained mutation: Your flesh is cold resistant. (rC+) [mutagenic meat]
  3053 | D:9      | Found a shimmering altar of Xom.
  3104 | D:10     | Entered Level 10 of the Dungeon
  3133 | D:10     | Found a staircase to the Orcish Mines.
  3304 | D:10     | Reached **** piety under Okawaru
  3388 | D:11     | Noticed a red ugly thing
  3394 | D:11     | Killed a red ugly thing
  3394 | D:11     | Reached XP level 10. HP: 91/91 MP: 10/14
  3412 | D:11     | Found a deep blue altar of Sif Muna.
  3448 | D:12     | Noticed a cyclops
  3465 | D:12     | Killed a cyclops
  3474 | D:12     | Lost mutation: Armour fits poorly on your strangely shaped body. [mutagenic meat]
  3477 | D:12     | Gained mutation: You heal very quickly. [mutagenic meat]
  3489 | D:12     | Lost mutation: You expend magic power (3 MP) to strengthen your wands. [mutagenic meat]
  3572 | D:12     | Noticed a hill giant
  3586 | D:12     | Killed a hill giant
  3586 | D:12     | Received a gift from Okawaru
  3601 | D:12     | Gained mutation: Your flesh is heat resistant. (rF+) [mutagenic meat]
  3604 | D:12     | Gained mutation: You are robust. (+10% HP) [mutagenic meat]
  3607 | D:12     | Gained mutation: Your body often deteriorates upon taking damage. [mutagenic meat]
  3638 | D:12     | Noticed a cyclops
  3649 | D:12     | Noticed a manticore
  3658 | D:12     | Killed a cyclops
  3662 | D:12     | Killed a manticore
  3681 | D:12     | Reached ***** piety under Okawaru
  3847 | D:15     | Entered Level 15 of the Dungeon
  3847 | D:15     | Noticed a hill giant
  3859 | D:15     | Killed a hill giant
  3877 | D:15     | Noticed a tengu warrior
  3892 | D:15     | Killed a tengu warrior
  3892 | D:15     | Reached XP level 11. HP: 32/111 MP: 13/15
  3915 | D:15     | Noticed a four-headed hydra
  4042 | D:14     | Received a gift from Okawaru
  4121 | D:14     | Noticed a tengu warrior
  4129 | D:14     | Noticed a sun demon
  4133 | D:14     | Noticed a centaur warrior
  4141 | D:14     | Killed a centaur warrior
  4152 | D:14     | Reached skill level 5 in Fighting
  4220 | D:14     | Noticed a centaur warrior
  4232 | D:14     | Killed a centaur warrior
  4249 | D:14     | Noticed a seven-headed hydra
  4265 | D:14     | Found an iron altar of Okawaru.
  4291 | D:14     | Got a slimy falchion
  4335 | D:15     | Noticed a necromancer
  4344 | D:15     | Killed a necromancer
  4362 | D:15     | Found a staircase to the Depths.
  4363 | D:15     | Noticed a flayed ghost
  4372 | D:15     | Noticed a skeletal warrior
  4389 | D:15     | Killed a flayed ghost
  4399 | D:15     | Killed a skeletal warrior
  4432 | D:15     | Reached skill level 5 in Dodging
  4469 | D:15     | Noticed a tengu warrior
  4506 | D:14     | Killed a tengu warrior
  4506 | D:14     | Received a gift from Okawaru
  4506 | D:14     | Reached XP level 12. HP: 43/124 MP: 9/17
  4507 | D:14     | Got a bloodstained cloak {god gift}
  4525 | D:14     | Identified the +1 cloak of the Barnacle {Dex+7} (Okawaru gifted it to you on level 14 of the Dungeon)
  4691 | Orc:1    | Entered Level 1 of the Orcish Mines
  4807 | Orc:1    | Identified a scroll of acquirement
  4816 | Orc:2    | Entered Level 2 of the Orcish Mines
  4920 | Orc:2    | Noticed an orc warlord
  4947 | Orc:2    | Killed an orc warlord
  5112 | Orc:1    | Found a dark tunnel.
  5120 | Volcano  | Entered a volcano
  5246 | Volcano  | Reached skill level 15 in Unarmed Combat
  5262 | Volcano  | Found a burning altar of Makhleb.
  5437 | Orc:2    | Found a roughly hewn altar of Beogh.
  5439 | Orc:2    | Found Jeusuot's Antique Weapon Shoppe.
  5476 | Orc:2    | Found a roughly hewn altar of Beogh.
  5497 | Orc:2    | Found a roughly hewn altar of Beogh.
  5522 | Orc:2    | Found a roughly hewn altar of Beogh.
  5550 | Orc:2    | Found a roughly hewn altar of Beogh.
  5551 | Orc:2    | Found Hushin's Distillery.
  5615 | Orc:2    | Bought a potion of might for 56 gold pieces
  5615 | Orc:2    | Bought a potion of brilliance for 56 gold pieces
  5615 | Orc:2    | Bought a potion of curing for 42 gold pieces
  5615 | Orc:2    | Bought a potion of agility for 56 gold pieces
  5615 | Orc:2    | Bought a potion of heal wounds for 70 gold pieces
  5615 | Orc:2    | Bought 2 potions of curing for 84 gold pieces
  5714 | Orc:2    | Found a roughly hewn altar of Beogh.
  5770 | Orc:2    | Found a staircase to the Elven Halls.
  5792 | Orc:2    | Found a roughly hewn altar of Beogh.
  5836 | Orc:2    | Noticed an ettin
  5847 | Orc:2    | Killed an ettin
  5847 | Orc:2    | Received a gift from Okawaru
  5981 | Orc:2    | Noticed an orc warlord
  6012 | Orc:2    | Killed an orc warlord
  6012 | Orc:2    | Received a gift from Okawaru
  6024 | Orc:2    | Reached XP level 13. HP: 83/136 MP: 13/19
  6112 | Orc:2    | Found Mezuzuf's Antique Armour Shoppe.
  6113 | Orc:2    | Found a roughly hewn altar of Beogh.
  6117 | Orc:2    | Found Nezxasae's Antique Weapon Emporium.
  6123 | Orc:2    | Bought a glowing robe for 23 gold pieces
  6123 | Orc:2    | Bought a glowing robe for 23 gold pieces
  6225 | Elf:1    | Entered Level 1 of the Elven Halls
  6245 | Elf:1    | Received a gift from Okawaru
  6294 | Elf:2    | Reached skill level 10 in Invocations
  6568 | Elf:2    | Received a gift from Okawaru
  6681 | Elf:2    | Noticed a deep elf demonologist
  6685 | Elf:2    | Killed a deep elf demonologist
  6762 | Elf:3    | Entered Level 3 of the Elven Halls
  6774 | Elf:3    | Received a gift from Okawaru
  6774 | Elf:3    | Reached XP level 14. HP: 114/149 MP: 18/20
  6854 | Elf:3    | Noticed an entropy weaver
  6855 | Elf:3    | Noticed an emperor scorpion
  6855 | Elf:3    | an entropy weaver changed into an emperor scorpion
  6858 | Elf:3    | Noticed an entropy weaver
  6859 | Elf:3    | an entropy weaver changed into an ettin
  7242 | Elf:3    | Noticed a deep elf sorcerer
  7249 | Elf:3    | Killed a deep elf sorcerer
  7265 | Elf:3    | Noticed a deep elf sorcerer
  7276 | Elf:3    | Killed a deep elf sorcerer
  7310 | Elf:3    | Noticed a deep elf master archer
  7330 | Elf:3    | Killed a deep elf master archer
  7330 | Elf:3    | Received a gift from Okawaru
  7330 | Elf:3    | Reached skill level 5 in Shields
  7565 | Elf:3    | Got a brightly glowing amber ring
  7574 | Elf:3    | Identified the ring of Satisfaction {+Inv Str+2 SInv} (You took it off a deep elf archer on level 3 of the Elven Halls)
  7579 | Elf:3    | Noticed a deep elf elementalist
  7635 | Elf:3    | Noticed a deep elf sorcerer
  7644 | Elf:3    | Killed a deep elf sorcerer
  7650 | Elf:3    | Killed a deep elf elementalist
  7665 | Elf:3    | Noticed a deep elf elementalist
  7695 | Elf:3    | Killed a deep elf elementalist
  7758 | Elf:3    | Noticed a deep elf blademaster
  7784 | Elf:3    | Killed a deep elf blademaster
  7795 | Elf:3    | Noticed a deep elf blademaster
  7810 | Elf:3    | Killed a deep elf blademaster
  7810 | Elf:3    | Received a gift from Okawaru
  7810 | Elf:3    | Reached XP level 15. HP: 156/160 MP: 17/22
  7811 | Elf:3    | Noticed a deep elf master archer
  7826 | Elf:3    | Killed a deep elf master archer
  7826 | Elf:3    | Reached ****** piety under Okawaru
  7831 | Elf:3    | Got a crude executioner's axe {god gift}
  8001 | Elf:3    | Noticed ReniFell's ghost (adept GrFi)
  8060 | Elf:3    | Received a gift from Okawaru
  8110 | Elf:3    | Killed ReniFell's ghost
  8194 | Elf:3    | Received a gift from Okawaru
  8231 | Elf:3    | Identified the Reference Book on Frigorific Flames
  8253 | Elf:3    | Noticed a deep elf sorcerer
  8257 | Elf:3    | Killed a deep elf sorcerer
  8275 | Elf:3    | Identified the Catalogue of Heat and Companions
  8665 | Depths:1 | Entered Level 1 of the Depths
  8681 | Depths:1 | Noticed a frost giant
  8786 | Depths:1 | Found a bloodstained altar of Trog.
  8822 | Depths:1 | Received a gift from Okawaru
  8877 | Depths:1 | Reached skill level 1 in Armour
  8893 | Depths:1 | Reached skill level 10 in Fighting
  9121 | Depths:2 | Noticed Margery
  9143 | Depths:2 | Reached XP level 16. HP: 159/173 MP: 24/24
  9177 | Depths:2 | Found a gateway to Hell.
  9209 | Depths:2 | Noticed a golden dragon
  9221 | Depths:2 | Noticed a tentacled monstrosity
  9246 | Depths:2 | Killed Margery
  9274 | Depths:2 | Noticed a storm dragon
  9278 | Depths:2 | Killed a golden dragon
  9278 | Depths:2 | Received a gift from Okawaru
  9278 | Depths:2 | Reached skill level 10 in Dodging
  9288 | Depths:2 | Killed a storm dragon
  9315 | Depths:2 | Killed a tentacled monstrosity
  9352 | Depths:2 | Noticed a tengu reaver
  9385 | Depths:2 | Killed a tengu reaver
  9445 | Depths:2 | Noticed a juggernaut
  9456 | Depths:2 | Noticed a sphinx
  9467 | Depths:2 | Killed a juggernaut
  9502 | Depths:2 | Killed a sphinx
  9502 | Depths:2 | Received a gift from Okawaru
  9544 | Depths:2 | Noticed a tentacled monstrosity
  9566 | Depths:2 | Lost mutation: You are robust. (+10% HP) [a shining eye]
  9575 | Depths:2 | Killed a tentacled monstrosity
  9575 | Depths:2 | Reached XP level 17. HP: 158/169 MP: 16/25
  9662 | Depths:2 | Received a gift from Okawaru
  9794 | Depths:2 | Noticed a caustic shrike
  9804 | Depths:2 | Killed a caustic shrike
  9843 | Depths:2 | Noticed a lich
  9867 | Depths:2 | Killed a lich
 10038 | Depths:2 | Noticed a lich
 10050 | Depths:2 | Reached skill level 5 in Armour
 10057 | Depths:2 | Killed a lich
 10105 | Depths:2 | Identified the +5 executioner's axe "Irixt" {chop, *Drain rPois MR- Str+9} (Okawaru gifted it to you on level 3 of the Elven Halls)
 10135 | Depths:3 | Noticed a juggernaut
 10146 | Depths:3 | Killed a juggernaut
 10170 | Depths:3 | Noticed a tentacled monstrosity
 10288 | Depths:4 | Received a gift from Okawaru
 10355 | Depths:4 | Got a scorched cloak {god gift}
 10365 | Depths:4 | Identified the +0 cloak of Coremyd {*Drain rF- Regen+ Int+7} (Okawaru gifted it to you on level 4 of the Depths)
 10402 | Depths:5 | Entered Level 5 of the Depths
 10436 | Depths:5 | Reached skill level 1 in Translocations
 10577 | Depths:3 | Found Ciwnumas's Antique Weapon Shop.
 10577 | Depths:3 | Found Wuonwiel's Food Boutique.
 10578 | Depths:3 | Found Dydwun's Distillery.
 10588 | Depths:3 | Found Ynank's General Store.
 10614 | Depths:3 | Received a gift from Okawaru
 10616 | Depths:3 | Bought a potion of might for 76 gold pieces
 10622 | Depths:3 | Bought a potion of cancellation for 120 gold pieces
 10622 | Depths:3 | Bought a potion of haste for 150 gold pieces
 10622 | Depths:3 | Bought a potion of might for 60 gold pieces
 10622 | Depths:3 | Bought a potion of curing for 45 gold pieces
 10622 | Depths:3 | Bought a potion of brilliance for 60 gold pieces
 10850 | Depths:2 | Reached XP level 18. HP: 179/179 MP: 25/27
 10958 | D:15     | Noticed Sonja
 10993 | D:14     | Reached skill level 1 in Spellcasting
 11060 | D:14     | Found a gate to the Vaults.
 11188 | D:11     | Noticed Grum
 11192 | D:11     | Noticed Psyche
 11196 | D:11     | Killed Grum
 11207 | D:11     | Killed Psyche
 11241 | D:11     | Noticed Maurice
 11250 | D:11     | Killed Maurice
 11294 | D:11     | Noticed Urug
 11306 | D:11     | Killed Urug
 11406 | D:8      | Found a staircase to the Lair.
 11428 | Lair:1   | Entered Level 1 of the Lair of Beasts
 11541 | Lair:3   | Noticed Harold
 11546 | Lair:3   | Killed Harold
 11644 | Lair:4   | Found a staircase to the Shoals.
 11653 | Shoals:1 | Entered Level 1 of the Shoals
 11743 | Shoals:2 | Noticed Polyphemus
 11857 | Shoals:2 | Killed Polyphemus
 11857 | Shoals:2 | Received a gift from Okawaru
 11939 | Shoals:3 | Noticed Donald
 11954 | Shoals:3 | Killed Donald
 11985 | Shoals:3 | Noticed Roxanne
 12020 | Shoals:3 | Killed Roxanne
 12021 | Shoals:3 | Identified Roxanne's Handbook of the Rocks (You took it off Roxanne on level 3 of the Shoals)
 12029 | Shoals:3 | Learned a level 6 spell: Statue Form
 12038 | Shoals:3 | Learned a level 8 spell: Controlled Blink
 12047 | Shoals:3 | Learned a level 4 spell: Passage of Golubria
 12113 | Shoals:3 | Noticed Bai Suzhen
 12139 | Shoals:3 | Killed Bai Suzhen
 12139 | Shoals:3 | Reached skill level 1 in Transmutations
 12139 | Shoals:3 | Reached skill level 1 in Earth Magic
 12199 | Shoals:4 | Entered Level 4 of the Shoals
 12266 | Shoals:4 | Reached skill level 2 in Transmutations
 12402 | Shoals:4 | Identified the amulet of the Wary Wars {Inacc *Drain rPois rN+ Dex+4} (You found it on level 4 of the Shoals)
 12508 | Shoals:4 | Noticed beholder's ghost (adept DrWz)
 12524 | Shoals:4 | jacquesderrida: Eeeek
 12605 | Shoals:4 | Reached skill level 3 in Transmutations
 12618 | Shoals:4 | Killed beholder's ghost
 12717 | Shoals:4 | Noticed Ilsuiw
 12735 | Shoals:4 | Killed Ilsuiw
 12749 | Shoals:4 | Received a gift from Okawaru
 12784 | Shoals:4 | Got a barnacled rune of Zot
 12846 | Shoals:3 | 4thArraOfDagon: eeeek
 12852 | Shoals:3 | Reached XP level 19. HP: 167/189 MP: 25/28
 12899 | Shoals:3 | Found Peghaylo's Assorted Antiques.
 12917 | Shoals:3 | Bought a hardcover manual for 450 gold pieces
 12917 | Shoals:3 | Bought a potion of might for 120 gold pieces
 12917 | Shoals:3 | Bought a scroll of teleportation for 90 gold pieces
 12917 | Shoals:3 | Bought a scroll labeled WAGHOL AMAAMYOMP for 30 gold pieces
 13025 | Lair:6   | Entered Level 6 of the Lair of Beasts
 13025 | Lair:6   | Noticed Nessos
 13053 | Lair:6   | Killed Nessos
 13161 | Lair:4   | Reached skill level 5 in Earth Magic
 13540 | Lair:2   | Reached skill level 4 in Transmutations
 13587 | Lair:2   | Received a gift from Okawaru
 13659 | Lair:2   | Learned a level 3 spell: Regeneration
 13879 | Lair:4   | Found a hole to the Spider Nest.
 13885 | Spider:1 | Entered Level 1 of the Spider Nest
 14043 | Spider:4 | Entered Level 4 of the Spider Nest
 14288 | Spider:4 | Reached skill level 5 in Transmutations
 14407 | Spider:4 | Received a gift from Okawaru
 14459 | Spider:4 | Got a gossamer rune of Zot
 14801 | Lair:6   | Found a staircase to the Slime Pits.
 14842 | Lair:6   | Reached skill level 6 in Transmutations
 14921 | Slime:1  | Entered Level 1 of the Pits of Slime
 15208 | Slime:3  | Gained mutation: You are frail. (-10% HP) [a shining eye]
 15218 | Slime:3  | Reached skill level 7 in Transmutations
 15226 | Slime:3  | Received a gift from Okawaru
 15286 | Slime:5  | Entered Level 5 of the Pits of Slime
 15309 | Slime:5  | Reached XP level 20. HP: 178/178 MP: 20/29
 15338 | Slime:5  | Gained mutation: Scrolls take you a little longer to read. [a shining eye]
 15364 | Slime:5  | Noticed the Royal Jelly
 15377 | Slime:5  | Killed the Royal Jelly
 15462 | Slime:5  | Got a slimy rune of Zot
 15505 | Slime:5  | Reached skill level 5 in Spellcasting
 15514 | Slime:5  | Got a crude amber ring
 15607 | Slime:5  | Reached skill level 8 in Transmutations
 15673 | Slime:5  | Gained mutation: Scrolls take you longer to read. [a shining eye]
 15708 | Slime:5  | Identified the cursed -5 robe of Misfortune {-Cast *Contam *Tele *Drain EV-5 Stlth-- *Curse} (You found it on level 5 of the Pits of Slime)
 15714 | Slime:5  | Got a warped pewter ring
 15717 | Slime:5  | Identified the ring "Mampuile" {*Contam +Fly Int+2 Stlth+} (You acquired it on level 5 of the Pits of Slime)
 15719 | Slime:5  | Identified the ring "Xeafoqisalu" {rC+ Stlth+} (You found it on level 5 of the Pits of Slime)
 15719 | Slime:5  | meh
 16115 | Vaults:1 | Entered Level 1 of the Vaults
 16143 | Vaults:1 | Reached skill level 10 in Earth Magic
 16226 | Vaults:1 | Noticed IKeelU2's ghost (adept DECj)
 16228 | Vaults:1 | Reached skill level 1 in Charms
 16244 | Vaults:1 | Reached skill level 1 in Necromancy
 16265 | Vaults:1 | Killed IKeelU2's ghost
 16265 | Vaults:1 | Received a gift from Okawaru
 16432 | Vaults:2 | Reached skill level 9 in Transmutations
 16880 | Vaults:5 | Entered Level 5 of the Vaults
 16918 | Vaults:5 | Reached XP level 21. HP: 185/185 MP: 14/30
 16932 | Vaults:5 | Received a gift from Okawaru
 17014 | Vaults:5 | Reached skill level 10 in Transmutations
 17032 | Vaults:5 | Noticed a golden dragon
 17076 | Vaults:5 | Killed a golden dragon
 17086 | Vaults:5 | Received a gift from Okawaru
 17153 | Vaults:5 | Got a warped wooden ring
 17182 | Vaults:5 | Identified the ring "Fumetsib" {Ice Str+2 Int+3 SInv} (You found it on level 5 of the Vaults)
 17220 | Vaults:5 | Identified Sif Muna's Incunabulum of Weightlessness
 17224 | Vaults:5 | Learned a level 2 spell: Repel Missiles
 17274 | Vaults:5 | Got a silver rune of Zot
 17417 | Vaults:5 | Got a crude iron ring
 17468 | Vaults:5 | Got an ancient bronze amulet
 17491 | Vaults:5 | Identified the amulet of the Ban {*Drain +Rage Int+5 Dex+4} (You took it off a yaktaur on level 5 of the Vaults)
 17524 | Vaults:5 | Noticed an ancient lich
 17530 | Vaults:5 | Killed an ancient lich
 17535 | Vaults:5 | Reached XP level 22. HP: 192/192 MP: 26/31
 17551 | Vaults:5 | Got a scintillating iron amulet
 17585 | Vaults:5 | Reached skill level 11 in Transmutations
 17651 | Vaults:5 | Noticed a golden dragon
 17662 | Vaults:5 | Killed a golden dragon
 17693 | Vaults:5 | Received a gift from Okawaru
 17892 | Vaults:3 | Identified the ring "Dexera" {Ice rElec rPois Dex-4 Stlth+} (You acquired it on level 5 of the Vaults)
 17945 | Vaults:3 | Found a staircase to the Crypt.
 17949 | Crypt:1  | Entered Level 1 of the Crypt
 17974 | Crypt:1  | Reached skill level 5 in Translocations
 18002 | Crypt:1  | You fall through a shaft!
 18070 | Crypt:3  | Entered Level 3 of the Crypt
 18130 | Crypt:3  | Received a gift from Okawaru
 18183 | Crypt:3  | Found a staircase to the Tomb.
 18191 | Tomb:1   | Entered Level 1 of the Tomb of the Ancients
 18269 | Tomb:1   | Received a gift from Okawaru
 18460 | Tomb:1   | Noticed a greater mummy
 18465 | Tomb:1   | Killed a greater mummy
 18474 | Tomb:1   | Noticed a greater mummy
 18486 | Tomb:1   | Killed a greater mummy
 18619 | Tomb:1   | Identified the amulet "Kebbeq" {Harm *Drain rElec Dex+4} (You found it on level 5 of the Vaults)
 18648 | Tomb:2   | Noticed a greater mummy
 18648 | Tomb:2   | Noticed a greater mummy
 18652 | Tomb:2   | Noticed a greater mummy
 18663 | Tomb:2   | Noticed a greater mummy
 18663 | Tomb:2   | Noticed a greater mummy
 18663 | Tomb:2   | Noticed a greater mummy
 18664 | Tomb:2   | Noticed Khufu
 18666 | Tomb:2   | Noticed a greater mummy
 18669 | Tomb:2   | Gained mutation: Your spells are a little easier to cast, but a little less powerful. [a neqoxec]
 18734 | Tomb:2   | HP: 10/249 [reaper/vampiric scythe[a mummy priest's death curse] (40)]
 18737 | Tomb:2   | Gained mutation: Your magical capacity is low. (-10% MP) [a neqoxec]
 18743 | Tomb:2   | Gained mutation: You are dopey. (Int -2) [a neqoxec]
 18758 | Tomb:2   | Ultraviolent4: first go, nice
 18793 | Tomb:3   | Entered Level 3 of the Tomb of the Ancients
 18840 | Tomb:2   | Reached XP level 23. HP: 198/198 MP: 23/30
 18868 | Tomb:3   | Noticed a greater mummy
 18948 | Tomb:3   | Noticed a greater mummy
 18949 | Tomb:3   | Noticed Mara
 19002 | Tomb:2   | Killed a greater mummy
 19064 | Tomb:2   | Killed a greater mummy
 19068 | Tomb:2   | Got a scintillating copper ring
 19098 | Tomb:2   | Noticed 4thArraOfDagon's illusion
 19107 | Tomb:2   | Killed Mara
 19135 | Tomb:3   | Noticed a greater mummy
 19140 | Tomb:3   | Noticed an ancient lich
 19222 | Tomb:2   | Killed a greater mummy
 19222 | Tomb:2   | Received a gift from Okawaru
 19222 | Tomb:2   | Reached skill level 10 in Translocations
 19233 | Tomb:2   | Killed an ancient lich
 19288 | Tomb:3   | Noticed a greater mummy
 19328 | Tomb:2   | Killed a greater mummy
 19454 | Tomb:3   | Noticed a greater mummy
 19464 | Tomb:3   | Killed a greater mummy
 19477 | Tomb:3   | Identified the Collected Works on the Igneous Frostbite
 19486 | Tomb:3   | Noticed a greater mummy
 19504 | Tomb:3   | Killed a greater mummy
 19532 | Tomb:3   | Noticed a greater mummy
 19533 | Tomb:3   | Got a golden rune of Zot
 19545 | Tomb:3   | Killed a greater mummy
 19552 | Tomb:3   | Noticed a greater mummy
 19566 | Tomb:3   | Killed a greater mummy
 19626 | Tomb:3   | Noticed Jory
 19630 | Tomb:3   | Killed Jory
 19718 | Tomb:1   | Noticed a greater mummy
 19720 | Tomb:1   | Noticed a greater mummy
 19722 | Tomb:1   | Noticed a greater mummy
 19722 | Tomb:1   | Noticed a greater mummy
 19724 | Tomb:1   | Killed a greater mummy
 19725 | Tomb:1   | Noticed a greater mummy
 19725 | Tomb:1   | Noticed a greater mummy
 19823 | Crypt:1  | Reached XP level 24. HP: 206/206 MP: 25/32
 20082 | Depths:4 | Reached skill level 10 in Spellcasting
 20105 | Depths:3 | Identified the ring "Goypneg" {rF+ Stlth+} (You acquired it on level 2 of the Tomb of the Ancients)
 20181 | Depths:3 | Received a gift from Okawaru
 20227 | Depths:3 | Found a one-way gate leading to the halls of Pandemonium.
 20240 | Pan      | Entered Pandemonium
 20356 | Pan      | Noticed Evung the pandemonium lord
 20432 | Pan      | Killed Evung the pandemonium lord
 21034 | Pan      | Received a gift from Okawaru
 21046 | Pan      | Noticed Xuhi the pandemonium lord
 21050 | Pan      | Killed Xuhi the pandemonium lord
 21196 | Pan      | Found an exit through the horrors of the Abyss.
 21248 | Pan      | Noticed Ehean the pandemonium lord
 21249 | Pan      | RIP
 21249 | Pan      | 4thArraOfDagon: rip
 21258 | Pan      | Received a gift from Okawaru
 21271 | Pan      | Ultraviolent4: what is this sorcery
 21279 | Pan      | Ultraviolent4: they dont want to hellfire the panlord?
 21295 | Pan      | Killed Ehean the pandemonium lord
 21299 | Pan      | Identified the Collected Works on Aid and Evil Magic
 21301 | Pan      | Got a demonic rune of Zot
 21327 | Pan      | 4thArraOfDagon: o hey
 21327 | Pan      | Ultraviolent4: hay
 21327 | Pan      | 4thArraOfDagon: ye i guess
 21327 | Pan      | 4thArraOfDagon: that was stranbge
 21327 | Pan      | 4thArraOfDagon: apparently he had rhellfire
 21334 | Pan      | 4thArraOfDagon: didnt have*
 21625 | Pan      | Entered the realm of Mnoleg.
 21712 | Pan      | Noticed Mennas
 21750 | Pan      | Killed Mennas
 21750 | Pan      | Received a gift from Okawaru
 21758 | Pan      | Found an exit through the horrors of the Abyss.
 21850 | Pan      | Reached XP level 25. HP: 214/214 MP: 33/33
 21902 | Pan      | Noticed Mnoleg
 21936 | Pan      | Killed Mnoleg
 21955 | Pan      | Reached skill level 15 in Translocations
 21971 | Pan      | Gained mutation: You are clumsy. (Dex -2) [a neqoxec]
 21972 | Pan      | Gained mutation: Your magical capacity is very low. (-20% MP) [a neqoxec]
 21978 | Pan      | Lost mutation: Your spells are a little easier to cast, but a little less powerful. [a neqoxec]
 22000 | Pan      | Got a glowing rune of Zot
 22039 | Pan      | Lost mutation: You have a somewhat thin skeletal structure. (Dex +2, Stealth) [a cacodemon]
 22054 | Pan      | Ultraviolent4: you blink
 22094 | Pan      | Found a glowing golden altar of the Shining One.
 22094 | Pan      | Noticed a seraph
 22105 | Pan      | Killed a seraph
 22105 | Pan      | Received a gift from Okawaru
 22116 | Depths:3 | Escaped Pandemonium
 22121 | Pan      | Entered Pandemonium
 22278 | Pan      | Identified the Almanac of Glacial Darkness
 22373 | Pan      | Entered the realm of Cerebov.
 22373 | Pan      | Found an exit through the horrors of the Abyss.
 22571 | Pan      | Noticed Cerebov
 22614 | Pan      | Killed Cerebov
 22652 | Pan      | Got a fiery rune of Zot
 22734 | Pan      | Ultraviolent4: !hs * trwn
 22737 | Pan      | beem: 2944. Yermak the Heavyweight Champion (L27 TrWn of Makhleb), escaped with the Orb and 15 runes on 2016-05-30 13:03:02, with 43989947 points after 33013 turns and 7:09:11.
 22829 | Pan      | Received a gift from Okawaru
 22866 | Pan      | Noticed Symisiff the pandemonium lord
 22873 | Pan      | Killed Symisiff the pandemonium lord
 22873 | Pan      | Reached XP level 26. HP: 176/222 MP: 21/30
 22893 | Pan      | Entered the realm of Gloorx Vloq.
 22958 | Pan      | Ultraviolent4: stay positive :)
 23212 | Pan      | Noticed Gloorx Vloq
 23239 | Pan      | Killed Gloorx Vloq
 23266 | Pan      | Got a dark rune of Zot
 23329 | Pan      | Entered the realm of Lom Lobon.
 23330 | Pan      | Gained mutation: You are occasionally teleported next to monsters. [a cacodemon]
 23427 | Pan      | Noticed Lom Lobon
 23445 | Pan      | Killed Lom Lobon
 23458 | Pan      | Ultraviolent4: tornado through wall bug in action
 23459 | Pan      | Got a magical rune of Zot
 23494 | Pan      | Found an exit through the horrors of the Abyss.
 23501 | Pan      | Took an exit into the Abyss.
 23501 | Abyss:1  | Escaped into the Abyss
 23501 | Abyss:1  | Found a corrupted altar of Lugonu.
 23516 | Abyss:2  | Found a corrupted altar of Lugonu.
 23613 | Abyss:3  | Paralysed by accursed screaming for 2 turns
 23635 | Abyss:3  | Got an abyssal rune of Zot
 23666 | Abyss:3  | Received a gift from Okawaru
 23704 | Depths:3 | Escaped the Abyss
 23749 | Depths:2 | 4thArraOfDagon: what title
 23749 | Depths:2 | Ultraviolent4: heh
 23749 | Depths:2 | 4thArraOfDagon: yeah
 23749 | Depths:2 | 4thArraOfDagon: its THAT stahe
 23749 | Depths:2 | 4thArraOfDagon: stage*
 23749 | Depths:2 | 4thArraOfDagon: when you dont really care
 23756 | Depths:2 | Ultraviolent4: immaculate
 23757 | Hell     | Entered the Vestibule of Hell
 23757 | Hell     | Noticed Geryon
 23814 | Hell     | Reached skill level 12 in Transmutations
 23828 | Hell     | Found a gateway to the freezing wastes of Cocytus.
 23848 | Hell     | Found a gateway to the Iron City of Dis.
 23851 | Dis:1    | Entered Level 1 of the Iron City of Dis
 23851 | Dis:1    | Found a gateway to Hell.
 23873 | Dis:2    | Found a gateway to Hell.
 23918 | Dis:3    | Found a gateway to Hell.
 23961 | Dis:4    | Found a gateway to Hell.
 23977 | Dis:4    | You fall through a shaft!
 23991 | Dis:5    | Reached skill level 13 in Transmutations
 24025 | Dis:6    | Found a gateway to Hell.
 24052 | Dis:6    | Found a gateway to Hell.
 24059 | Dis:7    | Entered Level 7 of the Iron City of Dis
 24059 | Dis:7    | Found a gateway to Hell.
 24059 | Dis:7    | Found a gateway to Hell.
 24122 | Dis:7    | Reached skill level 14 in Transmutations
 24257 | Dis:7    | Reached skill level 15 in Transmutations
 24275 | Dis:7    | Reached XP level 27. HP: 211/229 MP: 21/30
 24432 | Dis:7    | Noticed Dispater
 24459 | Dis:7    | Killed Dispater
 24460 | Dis:7    | Reached skill level 16 in Transmutations
 24472 | Dis:7    | Got an iron rune of Zot
 24617 | Dis:7    | Ultraviolent4: and i always care <3
 24622 | Dis:7    | Received a gift from Okawaru
 24635 | Dis:7    | Found a gateway to Hell.
 24637 | Dis:7    | Found a gateway to Hell.
 24734 | Hell     | Killed Geryon
 24762 | Hell     | Reached skill level 17 in Transmutations
 24806 | Hell     | Found a gateway to the ashen valley of Gehenna.
 24828 | Geh:1    | Entered Level 1 of Gehenna
 24828 | Geh:1    | Found a gateway to Hell.
 25018 | Geh:2    | Found a gateway to Hell.
 25018 | Geh:2    | Found a gateway to Hell.
 25028 | Geh:3    | Found a gateway to Hell.
 25028 | Geh:3    | Found a gateway to Hell.
 25124 | Geh:3    | You fall through a shaft!
 25129 | Geh:5    | Found a gateway to Hell.
 25149 | Geh:6    | Found a gateway to Hell.
 25149 | Geh:6    | Found a gateway to Hell.
 25169 | Geh:6    | Found a gateway to Hell.
 25218 | Geh:6    | Found a gateway to Hell.
 25370 | Geh:7    | Entered Level 7 of Gehenna
 25370 | Geh:7    | Found a gateway to Hell.
 25370 | Geh:7    | Found a gateway to Hell.
 25370 | Geh:7    | Found a gateway to Hell.
 25392 | Geh:7    | Reached skill level 18 in Transmutations
 25485 | Geh:7    | Noticed Asmodeus
 25500 | Geh:7    | Killed Asmodeus
 25500 | Geh:7    | Received a gift from Okawaru
 25503 | Geh:7    | Got an obsidian rune of Zot
 25565 | Hell     | Found a gateway to the decaying netherworld of Tartarus.
 25573 | Tar:1    | Entered Level 1 of Tartarus
 25573 | Tar:1    | Found a gateway to Hell.
 25763 | Tar:1    | Noticed an ancient lich
 25772 | Tar:1    | Killed an ancient lich
 25772 | Tar:1    | Reached skill level 19 in Transmutations
 25775 | Tar:1    | Received a gift from Okawaru
 25776 | Tar:1    | Got a pitted cloak {god gift}
 25779 | Tar:1    | Noticed an ancient lich
 25785 | Tar:1    | Killed an ancient lich
 25790 | Tar:2    | Found a gateway to Hell.
 25881 | Tar:3    | Found a gateway to Hell.
 25892 | Tar:3    | wazuzu: Goypneg :O
 26003 | Tar:3    | Found a gateway to Hell.
 26062 | Tar:3    | Found a gateway to Hell.
 26076 | Tar:4    | Found a gateway to Hell.
 26080 | Tar:5    | Found a gateway to Hell.
 26119 | Tar:5    | Found a gateway to Hell.
 26148 | Tar:5    | Found a gateway to Hell.
 26165 | Tar:6    | Found a gateway to Hell.
 26172 | Tar:7    | Entered Level 7 of Tartarus
 26172 | Tar:7    | Found a gateway to Hell.
 26241 | Tar:7    | Reached skill level 20 in Transmutations
 26525 | Tar:7    | Noticed Ereshkigal
 26528 | Tar:7    | Noticed the Serpent of Hell
 26537 | Tar:7    | Killed Ereshkigal
 26544 | Tar:7    | Killed the Serpent of Hell
 26554 | Tar:7    | Reached skill level 21 in Transmutations
 26581 | Tar:7    | Got a clouded brass ring
 26581 | Tar:7    | Got a glittering bone ring
 26581 | Tar:7    | Got a bone rune of Zot
 26639 | Tar:7    | Received a gift from Okawaru
 26698 | Tar:7    | Found a gateway to Hell.
 26782 | Coc:1    | Entered Level 1 of Cocytus
 26782 | Coc:1    | Found a gateway to Hell.
 26795 | Coc:2    | Found a gateway to Hell.
 26808 | Coc:3    | Found a gateway to Hell.
 26815 | Coc:4    | Found a gateway to Hell.
 26815 | Coc:4    | Found a gateway to Hell.
 26819 | Coc:5    | Found a gateway to Hell.
 26819 | Coc:5    | Found a gateway to Hell.
 26926 | Coc:5    | You fall through a shaft!
 26930 | Coc:6    | Found a gateway to Hell.
 26953 | Coc:6    | Found a gateway to Hell.
 26996 | Coc:6    | Found a gateway to Hell.
 27070 | Coc:7    | Entered Level 7 of Cocytus
 27070 | Coc:7    | Found a gateway to Hell.
 27070 | Coc:7    | Found a gateway to Hell.
 27070 | Coc:7    | Found a gateway to Hell.
 27209 | Coc:7    | Received a gift from Okawaru
 27209 | Coc:7    | Reached skill level 22 in Transmutations
 27235 | Coc:7    | Noticed Multipenetrator's ghost (legendary FoFi)
 27253 | Coc:7    | Killed Multipenetrator's ghost
 27280 | Coc:7    | Ultraviolent4: fiendssssssssssssssss
 27284 | Coc:7    | HP: 13/299 [??? (2)]
 27285 | Coc:7    | HP: 3/299 [Ice Fiend (14)]
 27285 | Coc:7    | Mangled by an Ice Fiend

Vault maps used:
D:1:      dpeg_arrival_rooms_b
D:3:      tgw_fedhas, first_bread, uniq_grinder
D:4:      kennysheep_mini_moat, dk_noncrumbling_4, st_stairs_7, uniq_robin
D:5:      nicolae_ossuary_entry_giza, serial_shops, shop,
          nicolae_shop_temple_entry_statues_fountains
D:6:      basic_altar, serial_shops, shop, shop_statue, nicolae_shop_crystal,
          serial_glass, glass_columns_c, glass_columns_b, st_stairs_1,
          centaur_isle
D:7:      nicolae_ashenzari_panopticon, grunt_ogre_cave, uniq_menkaure
D:8:      minitemple, due_lair_maze_entry_diamond, nicolae_ru_path_of_blood
D:9:      basic_altar
D:10:     minmay_wavy_crystal
D:11:     led_sif_book, uniq_maurice, uniq_urug, uniq_grum, uniq_psyche
D:12:     minmay_misc_feat_alley
D:14:     david_vaults_2, basic_altar, kennysheep_cluttered_room
D:15:     gammafunk_depths_entry_grave, minmay_fountain_box, uniq_sonja
Temple:   nicolae_temple_figure_zero
Lair:1:   lemuel_slime, uniq_nergalle
Lair:2:   disabler_island
Lair:3:   minivault_26, roderic_batcave, lemuel_fruit_fields, uniq_harold
Lair:4:   minmay_shoals_entry_lonely_mermaid, dummy_spider_entry,
          roderic_carrion_pond, grunt_megastairs_4
Lair:5:   st_stairs_8, columned_hall_lemuel, grunt_megastairs_1
Lair:6:   wormcave, hangedman_lair_tendril_chambers,
          minmay_slime_entry_oklob_open, uniq_nessos
Shoals:1: hangedman_shoal_volcano
Shoals:2: uniq_polyphemus, uniq_aizul
Shoals:3: serial_shops, nicolae_shop_trees, nicolae_shoals_hunting_party,
          uniq_bai_suzhen, uniq_donald, uniq_roxanne
Shoals:4: shoals_end_simple, shoal_ilsuiw, nicolae_shoals_aquamancer_cove
Spider:3: spider_trap, uniq_kirke, uniq_jorgrun
Spider:4: grunt_spider_rune_parallel, special_room, nicolae_spider_stair_cavern,
          uniq_arachne
Orc:1:    enter_volcano_2
Orc:2:    grunt_orc_community_town_hall, grunt_orc_community_big_house_1,
          grunt_orc_community_big_house_1, grunt_orc_community_house_2,
          grunt_orc_community_house_1, grunt_orc_community_house_1,
          grunt_orc_community_house_3, grunt_orc_community_house_3,
          serial_shops, shop
Elf:1:    eino_elf_arrival_shootout, orc_legates,
          minmay_checkered_concentric_circles, uniq_louise
Elf:2:    nicolae_elf_stone_circles, uniq_nikola
Elf:3:    minmay_elf_hall_furrowed
Vaults:1: v_misc_11, nicolae_vaults_triangles, vaults_room_boxed,
          grunt_vaults_twisty, nicolae_vaults_arrows, v_misc_17,
          vaults_room_glass_cross, v_misc_12, vaults_dpeg_encased_lava,
          ontoclasm_vaults_shuriken, nicolae_vaults_specimen_jars
Vaults:2: grunt_vaults_swirl, hangedman_vaults_stretched_pinwheel,
          hangedman_vaults_restitches, vaults_room_guarded_vault
Vaults:3: minmay_crypt_entry_simple_walls,
          nicolae_vaults_windows_and_doors_thing,
          vaults_standard_mumra_enter_the_diamond, grunt_vaults_hallway_short,
          vaults_dpeg_doors, v_rooms_3, vaults_dpeg_hooks, v_misc_29,
          nicolae_vaults_mini_display_case, vaults_mumra_hex,
          ontoclasm_vaults_twist, vaults_mumra_chevron
Vaults:4: ontoclasm_vaults_hangar, nicolae_vaults_network_quincunx, v_misc_16,
          v_misc_23, v_misc_29, serial_ice_m,
          hangedman_vaults_stretched_pinwheel, v_pattern_3, v_misc_25,
          vaults_room_stairs_pillars, ontoclasm_vaults_fault,
          nicolae_vaults_branching_niches, vaults_room_grid
Vaults:5: serial_shops
Crypt:1:  skrybe_necro_troll_2
Crypt:2:  minivault_26, serial_sigils_hangedman_scratch, uniq_sojobo
Crypt:3:  church_of_pain_bobbens, uniq_xtahua
Tomb:2:   uniq_khufu
Tomb:3:   uniq_mara, uniq_jory
Depths:1: enter_ziggurat_e, serial_shops, kennysheep_mini,
          kennysheep_cross_room, hangedman_abyss_entry_splay, pf_coc_iceberg,
          lemuel_statue_altar
Depths:2: angbandy_vault, grunt_metal_band, minmay_misc_feat_plants,
          minmay_misc_feat_four_crosses, grunt_ministairs_11, water_maze_lemuel,
          minmay_staircase_windowed_small
Depths:3: minmay_expanding_circles, grunt_pan_entry_in_and_out, hell_entry,
          minmay_misc_feat_enclosed, nicolae_wwwww, minmay_shoptagon,
          infiniplex_staircase_spiral
Depths:4: hangedman_arrow_trap, serial_shops, statue_bzr,
          corexii_leaking_fountain, abyss_entry_small_statue_room,
          pf_hell_entry_tar_spiral
Depths:5: evilmike_zot_entry_gauntlet, minmay_stone_trees_small, hell_entry,
          grunt_megastairs_2, serial_bayou_shore_a
Dis:7:    dis_grunt_layers
Geh:4:    lemuel_elevator
Geh:7:    geh_hangedman
Coc:5:    serial_ice, serial_ice_b, serial_ice_m
Coc:7:    coc_dpeg
Tar:1:    grunt_deathspiral_small
Tar:6:    nicolae_tar_cuneiform_bird
Tar:7:    tar_minmay_river
Abyss:3:  evilmike_nicolae_abyss_rune_containment_curve
Pan:      rand_demon_9, uniq_mennas_pan, evilmike_mini_pan_diamond,
          rand_demon_5, nicolae_pan_gloorx_vloqian_2, nicolae_pan_glass_arcs,
          nicolae_pan_sigil_nadil, evilmike_mini_pan_branches,
          lemuel_hellion_island, regret_index_pan_draining_boxed, rand_demon_1,
          mnoleg_grunt, uniq_mennas_pan, nicolae_pan_sigil_uleosi,
          evilmike_holy_pan, pan_disco_hall, pan_captured_pigsty, cerebov_st,
          evilmike_mini_pan_doors_b, grunt_pan_spiral, gloorx_vloq_st,
          lemuel_hall_of_pain, nicolae_pan_cerebovesque_1, lom_lobon_st,
          nicolae_pan_cerebovesque_2
Ossuary:  ossuary_tomb_3
Volcano:  volcano_grotto

Skill      XL: |  1  2  3  4  5  6  7  8  9 10 11 12 13 14 15 16 17 18 19 20 21 22 23 24 25 26 27 |
---------------+----------------------------------------------------------------------------------+-----
Unarmed Combat | 1 2 3 4 5 6 8 10 12 13 14 15 16 17 18 19 20 | 20.2
Invocations    | 1 3 4 6 7 8 9 10 11 12 13 | 13.5
Dodging        | 3 5 6 7 8 9 10 11 | 11.4
Fighting       | 4 5 7 8 9 10 11 12 | 12.1
Shields        | 3 5 |  5.0
Armour         | 1 4 6 7 |  7.4
Translocations | 2 3 8 12 14 16 18 | 18.3
Spellcasting   | 2 4 5 6 8 9 11 12 | 12.3
Transmutations | 3 7 9 10 11 15 22 | 22.2
Earth Magic    | 4 8 10 12 13 | 13.1
Charms         | 2 3 |  3.6
Necromancy     | 2 4 |  4.8
Bows           | |  1.0
Throwing       | |  1.0
Stealth        | |  1.0

Action                   |  1- 3 |  4- 6 |  7- 9 | 10-12 | 13-15 | 16-18 | 19-21 | 22-24 | 25-27 || total
-------------------------+-------+-------+-------+-------+-------+-------+-------+-------+-------++-------
Melee: Unarmed           |    79 |   223 |   287 |   528 |   652 |  1079 |  1627 |  1235 |  2140 ||  7850
       Punch             |     1 |     4 |    12 |    47 |    13 |       |       |       |       ||    77
Throw: Throwing net      |       |       |     2 |       |       |       |       |       |       ||     2
       Large rock        |       |       |       |       |       |     2 |    19 |    10 |     1 ||    32
 Cast: Apportation       |       |       |       |       |       |       |    25 |    15 |    16 ||    56
       Passage of Golubr |       |       |       |       |       |       |     1 |    10 |    10 ||    21
       Statue Form       |       |       |       |       |       |       |     6 |    55 |    64 ||   125
       Blink             |       |       |       |       |       |       |     2 |     2 |     4 ||     8
       Regeneration      |       |       |       |       |       |       |     1 |    25 |    33 ||    59
       Repel Missiles    |       |       |       |       |       |       |     1 |       |       ||     1
       Controlled Blink  |       |       |       |       |       |       |       |       |     6 ||     6
Invok: Heroism           |       |     1 |    16 |    27 |    40 |    35 |    41 |    52 |    62 ||   274
       Finesse           |       |       |       |    13 |    10 |    18 |    11 |    11 |    26 ||    89
 Abil: End Transformatio |       |       |       |       |       |       |       |     7 |     2 ||     9
Evoke: Wand              |       |       |       |     1 |       |       |       |     7 |     7 ||    15
       Box of beasts     |       |       |       |       |       |       |     2 |       |       ||     2
       Phial of floods   |       |       |       |       |       |       |     1 |       |       ||     1
  Use: Potion            |       |     3 |     3 |     4 |     2 |     7 |     1 |     2 |    12 ||    34
       Scroll            |       |     1 |    12 |     9 |     6 |    13 |    18 |    13 |    11 ||    83
 Stab: Sleeping          |       |       |     4 |     1 |     2 |     2 |     6 |     1 |     2 ||    18
       Held in net/web   |       |       |     1 |       |       |       |     1 |       |       ||     2
       Invisible         |       |       |       |     3 |       |       |       |       |     5 ||     8
       Distracted        |       |       |       |       |     1 |       |     1 |       |     5 ||     7
       Petrifying        |       |       |       |       |       |     1 |       |       |       ||     1
  Eat: Chunk             |     9 |     8 |    29 |    41 |    27 |    32 |    39 |    31 |    37 ||   253
       Beef jerky        |       |       |     1 |       |       |       |     4 |     5 |       ||    10
       Meat ration       |       |       |       |       |       |       |       |     2 |     5 ||     7
       Bread ration      |       |       |       |       |       |       |       |     4 |     5 ||     9
       Pizza             |       |       |       |       |       |       |       |     1 |       ||     1
Armor: Robe              |    28 |    57 |    48 |    61 |    24 |       |       |       |       ||   218
       Troll leather arm |       |       |       |       |    20 |    85 |   185 |    26 |    29 ||   345
       Skin              |       |       |       |       |       |       |    54 |   456 |   886 ||  1396
Dodge: Dodged            |    32 |   112 |   118 |   274 |   182 |   472 |  1094 |  1602 |  2423 ||  6309
       Deflected         |       |       |       |       |       |       |     3 |       |       ||     3
Block: Shield            |       |       |       |       |   135 |   388 |   875 |  1252 |  1860 ||  4510
